 Dungeon Crawl Stone Soup version 0.23.0 (webtiles) character file.

Game seed: 17158844243383298770

202585 Lanoc the Fencer (level 18, -3/170 HPs)
             Began as a Minotaur Chaos Knight on Feb 9, 2019.
             Was the Champion of Qazlal.
             Slain by a seven-headed hydra (10 damage)
             ... on level 3 of the Swamp on Feb 10, 2019.
             The game lasted 01:54:03 (35303 turns).

Lanoc the Fencer (Minotaur Chaos Knight)           Turns: 35303, Time: 01:54:04

Health: -3/170     AC: 20    Str: 25    XL:     18   Next: 33%
Magic:  26/26      EV: 15    Int: 11    God:    Qazlal [******]
Gold:   586        SH:  8    Dex: 10    Spells: 17/17 levels left

rFire    + . .     SeeInvis +   S - +1 great sword (flame)
rCold    + . .     Gourm    .   (shield currently unavailable)
rNeg     . . .     Faith    .   r - +7 troll leather armour of Ucuirph Berr {Regen+ Int+3}
rPois    +         Spirit   .   (helmet unavailable)
rElec    .         Reflect  .   G - scarf {rC+ rF+}
rCorr    +         Harm     .   v - +1 pair of gloves {archery}
MR       ++...                  (no boots)
Stlth    +.........             W - amulet "Ugiuk" {RegenMP Slay+3}
HPRegen  0.78/turn              K - ring of Creativity {rCorr MR+ Int-3 SInv}
MPRegen  0.45/turn              l - ring of poison resistance

@: protected from physical damage, constricted, repel missiles
A: retaliatory headbutt, horns 3, rugged brown scales 1, see invisible, clever
1, clumsy 1, strong 1, MP-powered wands
a: Upheaval, Elemental Force, Disaster Area, Renounce Religion


You were on level 3 of the Swamp.
You worshipped Qazlal.
Qazlal was exalted by your worship.
You were not hungry.

You visited 6 branches of the dungeon, and saw 31 of its levels.
You visited the Abyss 1 time.
You also visited: Gauntlet, Ice Cave and Volcano.

You collected 3302 gold pieces.
You spent 2716 gold pieces at shops.

Inventory:

Hand Weapons
 w - a +5 quick blade
 S - a +1 great sword of flaming (weapon)
Missiles
 f - 342 bolts
 o - 708 arrows
 p - 226 sling bullets
Armour
 r - the +7 troll leather armour of Ucuirph Berr (worn) {Regen+ Int+3}
   (You bought it in a shop on level 2 of the Orcish Mines)

   It affects your intelligence (+3).
   It increases your rate of regeneration.
 v - a +1 pair of gloves of archery (worn)
 G - a scarf of resistance (worn)
Jewellery
 l - a ring of poison resistance (right hand)
 x - the ring of Atene {rF+ rN+}
   (You found it on level 4 of the Lair of Beasts)

   [ring of protection from fire]

   It protects you from fire.
   It protects you from negative energy.
 z - the ring "Lolaquhy" {Fire +Fly rElec Dex-2 SInv}
   (You took it off a wight on level 7 of the Dungeon)

   [ring of fire]

   It enhances your fire magic.
   It affects your dexterity (-2).
   It protects you from fire.
   It makes you vulnerable to cold.
   It insulates you from electricity.
   It lets you see invisible.
   It lets you fly.
 K - the ring of Creativity (left hand) {rCorr MR+ Int-3 SInv}
   (You bought it in a shop on level 1 of the Orcish Mines)

   [ring of resist corrosion]

   It affects your intelligence (-3).
   It affects your resistance to hostile enchantments.
   It lets you see invisible.
 W - the amulet "Ugiuk" (around neck) {RegenMP Slay+3}
   (You found it on level 6 of the Lair of Beasts)

   [amulet of magic regeneration]

   It increases your magic regeneration.
   It affects your accuracy and damage with ranged weapons and melee attacks
   (+3).
Wands
 b - a wand of paralysis (26)
 d - a wand of flame (51)
 t - a wand of clouds (7)
 C - a wand of polymorph (25)
 E - a wand of acid (16)
 N - a wand of iceblast (4)
 T - a wand of enslavement (19)
 X - a wand of digging (4)
 Y - a wand of scattershot (7)
Scrolls
 e - 6 scrolls of amnesia
 j - 6 scrolls of magic mapping
 k - 4 scrolls of fear
 m - 12 scrolls of remove curse
 q - 4 scrolls of enchant armour
 s - 4 scrolls of teleportation
 u - 7 scrolls of immolation
 B - a scroll of holy word
 H - a scroll of blinking
 I - 2 scrolls of enchant weapon
 M - 3 scrolls of fog
 O - 2 scrolls of identify
 U - a scroll of silence
Potions
 a - a potion of experience {unknown}
 g - 4 potions of cancellation
 i - 3 potions of flight
 n - 7 potions of brilliance
 A - 3 potions of mutation
 D - 2 potions of magic
 F - 2 potions of lignification
 J - 6 potions of curing
 L - 2 potions of invisibility
 Q - 2 potions of agility
 V - 3 potions of haste
 Z - 2 potions of might
Miscellaneous
 y - a box of beasts
 R - a sack of spiders
Comestibles
 c - 58 rations
 P - 4 chunks of flesh


   Skills:
 + Level 15.8 Fighting
 - Level 20.0 Long Blades
 + Level 15.6 Armour
 + Level 14.4 Dodging
 + Level 13.0 Invocations
 + Level 11.1 Evocations


You had 17 spell levels left.
You didn't know any spells.
Your spell library contained the following spells:

 Spells                   Type           Power        Failure   Level  Hunger
 Beastly Appendage        Tmut           #.....       36%         1    ##.....
 Corona                   Hex            #......      36%         1    ##.....
 Infusion                 Chrm           #...         36%         1    ##.....
 Magic Dart               Conj           #...         36%         1    ##.....
 Blink                    Tloc           N/A          50%         2    ###....
 Call Imp                 Summ           #.......     50%         2    ###....
 Ensorcelled Hibernation  Hex/Ice        #.....       50%         2    ###....
 Searing Ray              Conj           #.....       50%         2    ###....
 Slow                     Hex            #.......     50%         2    ###....
 Sticks to Snakes         Tmut           #.......     50%         2    ###....
 Sublimation of Blood     Necr           #.........   50%         2    ###....
 Confuse                  Hex            #.......     75%         3    ####...
 Conjure Flame            Conj/Fire      #.......     75%         3    ####...
 Dazzling Spray           Conj/Hex       #.....       75%         3    ####...
 Ignite Poison            Fire/Tmut/Pois #.......     75%         3    ####...
 Inner Flame              Hex/Fire       #.......     75%         3    ####...
 Mephitic Cloud           Conj/Pois/Air  #.......     75%         3    ####...
 Ozocubu's Armour         Chrm/Ice       #.......     75%         3    ####...
 Regeneration             Chrm/Necr      #.........   75%         3    ####...
 Spectral Weapon          Hex/Chrm       #.......     75%         3    ####...
 Spider Form              Tmut/Pois      #.........   75%         3    ####...
 Tukima's Dance           Hex            #.......     75%         3    ####...
 Force Lance              Conj/Tloc      #.......     98%         4    #####..
 Fulminant Prism          Conj/Hex       #.........   98%         4    #####..
 Ice Form                 Ice/Tmut       #.......     98%         4    #####..
 Iskenderun's Mystic Bla  Conj           #.......     98%         4    #####..
 Petrify                  Tmut/Erth      #.......     98%         4    #####..
 Throw Icicle             Conj/Ice       #.......     98%         4    #####..
 Alistair's Intoxication  Tmut/Pois      #.......     100%        5    ######.
 Blade Hands              Tmut           #.........   100%        5    ######.
 Excruciating Wounds      Chrm/Necr      #.........   100%        5    ######.
 Fireball                 Conj/Fire      #.........   100%        5    ######.
 Irradiate                Conj/Tmut      #.........   100%        5    ######.
 Metabolic Englaciation   Hex/Ice        #.........   100%        5    ######.
 Summon Mana Viper        Hex/Summ       #.......     100%        5    ######.
 Bolt of Fire             Conj/Fire      #.........   100%        6    #######
 Deflect Missiles         Chrm/Air       #.........   100%        6    #######
 Ring of Flames           Chrm/Fire      #.........   100%        7    #######
 Ignition                 Fire           #.........   100%        8    #######


Dungeon Overview and Level Annotations

Branches:
Dungeon (15/15)            Temple (1/1) D:4            Lair (6/6) D:11
  Swamp (4/4) Lair:4       Spider (0/4) Lair:4        Slime (0/5) Lair:6
    Orc (2/2) D:10            Elf (0/3) Orc:2        Vaults (0/5) D:14
 Depths (3/5) D:15

Altars:
Ashenzari
Dithmenos
Fedhas
Hepliaklqana
Nemelex Xobeh
Qazlal
Ru
Sif Muna
Trog
Xom
Beogh

Shops:
D:6 (=   D:15 (!![*   Orc:1 =[[?   Orc:2 *(}}

Portals:
Hell: Depths:1 Depths:2
Abyss: Depths:2
Pandemonium: Depths:1
Trove: D:12 (give 3 potions of resistance)

Annotations:
D:12 trove 3 pots of resistance
D:14 2 transporters, Jiolyugh's ghost, journeyman GrEE
Depths:2 !caustic shrikes on D3


Innate Abilities, Weirdness & Mutations

You reflexively headbutt those who attack you in melee.
You have a pair of large horns on your head.
You are partially covered in rugged brown scales. (AC +1, +3% HP)
You have supernaturally acute eyesight. (SInv)
Your mind is acute. (Int +2)
You are clumsy. (Dex -2)
Your muscles are strong. (Str +2)
You expend magic power (3 MP) to strengthen your wands.


Message History

The seven-headed hydra bites you!
* * * LOW HITPOINT WARNING * * *
Unknown command.
You feel much better.
The tentacled monstrosity tentacle-slaps you!!
* * * LOW HITPOINT WARNING * * *
You feel more protected from physical attacks.
The tentacled monstrosity tentacle-slaps you but does no damage.
You block the tentacled monstrosity's attack.
* * * LOW HITPOINT WARNING * * *
The tentacled monstrosity constricts you.
You block the seven-headed hydra's attack.
The seven-headed hydra bites you but does no damage.
The seven-headed hydra misses you.
You block the seven-headed hydra's attack.
The seven-headed hydra closely misses you.
The seven-headed hydra bites you!
* * * LOW HITPOINT WARNING * * *
The seven-headed hydra bites you!
You die...

≈≈≈.♣ ♣..≈≈.≈.≈>.♣♣ ♣.≈≈≈≈...≈≈≈.
≈..≈♣♣♣.≈§≈.≈..≈♣♣ ♣♣≈≈≈≈§♣≈≈≈§.
(.≈♣♣♣..........♣♣♣♣ ♣♣..♣♣♣♣♣♣≈.
.≈.♣♣♣..≈≈^.≈≈≈≈≈≈.♣♣♣...♣♣♣♣≈≈.≈
≈≈≈.♣§≈≈≈≈≈≈≈≈≈≈...♣♣≈≈≈≈≈♣♣.≈≈≈≈
.§≈≈..≈.≈≈≈≈≈≈≈≈.♣♣♣♣♣≈≈≈≈..§≈.≈.
.≈≈≈.♣♣.≈≈≈≈≈≈≈§♣♣♣♣♣♣♣♣.≈≈≈≈≈≈§.
.≈≈≈.≈..≈≈≈≈...♣°X.≈.♣♣♣♣.......≈
≈....≈♣..≈≈≈..♣D@§○..≈♣♣§..≈≈≈≈≈.
♣§≈≈≈♣♣♣♣.≈...§.°≈≈..♣.♣..≈≈≈≈≈≈≈
..≈..§♣♣♣...≈...≈≈○.≈.≈..≈≈≈≈≈≈≈≈
≈≈...♣♣...≈..≈♣♣.≈.≈≈...≈≈≈≈≈≈≈≈≈
≈≈.§≈≈.≈≈≈≈≈..♣♣♣.♣♣≈...≈≈≈≈≈≈≈≈≈
≈§..≈≈≈≈......♣ ♣♣♣♣♣...≈≈≈≈≈≈≈≈≈
≈.≈.≈≈≈...≈♣♣♣♣ ♣♣.♣.≈≈≈.>.≈.
≈...§≈.≈.≈♣♣ ♣♣♣♣.≈......
≈≈≈≈≈≈.♣♣♣♣ ♣♣≈....≈≈


You could see a tentacled monstrosity and a seven-headed hydra.

Vanquished Creatures
  Nikola (Depths:1)
  the Enchantress (Depths:2)
  A tentacled starspawn (Abyss:2)
  A thorn hunter (Swamp:3)
  Agnes (D:15)
  2 fire giants (D:15)
  6 caustic shrike skeletons (Depths:2)
  2 very ugly things (Abyss:2)
  4 spriggan defenders
  A stone giant (D:15)
  A deep elf demonologist (Depths:1)
  A minotaur (Gauntlet)
  A dire elephant (Depths:2)
  2 ettins
  A blizzard demon (IceCv)
  A merfolk javelineer (Depths:1)
  2 fire dragons
  A deep elf high priest (Depths:2)
  3 great orbs of eyes
  2 hell beasts
  14 hydras
  A rakshasa (D:15)
  A shambling mangrove (Swamp:2)
  4 spriggan air magi
  2 ghost crabs
  A merfolk avatar (Lair:6)
  8 centaur warriors
  14 two-headed ogres
  2 ice dragons
  A death knight (Depths:1)
  A dancing weapon (Volcano)
  14 alligators
  2 deep troll shamans
  27 death yaks
  4 deep troll earth magi
  A hell hog (Abyss:2)
  3 ogre magi
  3 tengu warriors
  A shock serpent (D:13)
  5 spriggan berserkers
  A shock serpent (shapeshifter) (D:15)
  Urug (Lair:5)
  Sonja (D:10)
  4 thrashing horrors (Abyss:2)
  2 sixfirhies (Abyss:2)
  6 deep trolls
  5 swamp dragons
  2 iron trolls
  3 unseen horrors
  5 wizards (Volcano)
  7 spriggan druids
  A large abomination (Abyss:2)
  A deep elf archer (D:14)
  2 glowing orange brains
  An orc knight (D:10)
  3 harpies (Lair:6)
  A wolf spider zombie (D:14)
  A lindwurm (Lair:5)
  11 ugly things
  4 deep elf magi
  A mana viper (shapeshifter) (D:15)
  8 cyclopes
  3 orc sorcerers
  A salamander (shapeshifter) (D:15)
  A wolf spider (Lair:4)
  2 ice statues (IceCv)
  4 manticores
  4 toenail golems (Volcano)
  4 elephants (Lair:6)
  3 black mambas
  Joseph (Lair:1)
  A gargoyle (D:15)
  A molten gargoyle (D:12)
  18 spiny frogs
  A minotaur zombie (Gauntlet)
  3 rime drakes
  A rime drake (shapeshifter) (D:15)
  9 yaktaurs
  A demonic crawler (D:13)
  14 ice devils (IceCv)
  4 tengu conjurers
  2 kobold demonologists
  8 komodo dragons
  A troll (shapeshifter) (D:15)
  An ancient zyme (Abyss:2)
  A queen bee (Lair:3)
  A tyrant leech (Swamp:2)
  2 polar bears (Lair:6)
  A red devil (Depths:1)
  46 slime creatures
  17 trolls
  A jumping spider (Lair:4)
  A hornet (shapeshifter) (D:5)
  22 hornets
  10 hippogriffs
  A wind drake (Lair:6)
  5 bog bodies
  A stone giant simulacrum (Depths:1)
  11 blink frogs
  3 flying skulls (Depths:1)
  2 redbacks (Lair:4)
  3 wraiths
  Sigmund (D:2)
  A vampire (D:11)
  3 shadows
  A ynoxinul (Abyss:2)
  2 fire elementals
  5 basilisks
  A fire bat (D:10)
  42 spriggans
  4 wyverns
  28 yaks
  A chaos spawn (Abyss:2)
  8 vampire mosquitoes (Swamp:2)
  3 hungry ghosts
  A neqoxec (Abyss:2)
  4 insubstantial wisps (Swamp:3)
  2 wargs
  A naga (shapeshifter) (D:15)
  12 swamp worms
  An acid dragon (D:14)
  A water moccasin (shapeshifter) (Depths:1)
  8 porcupines
  12 water moccasins
  4 hell hounds
  4 swamp drakes
  3 sky beasts
  4 ice beasts
  12 orc warriors
  3 phantoms
  7 black bears
  A necrophage (D:7)
  30 ogres
  A tengu (shapeshifter) (Depths:2)
  An eye of draining (D:10)
  4 boggarts
  4 wolves
  20 crocodiles
  16 centaurs
  2 small abominations
  6 big kobolds
  15 bullfrogs
  A gnoll sergeant (D:12)
  A wyvern skeleton (D:13)
  4 scorpions
  11 wights
  21 killer bees
  3 howler monkeys (D:14)
  6 electric eels
  5 crimson imps
  A centaur zombie (D:7)
  A lava snake (D:12)
  2 bullfrog zombies
  3 quasits
  4 centaur skeletons
  3 hounds
  15 orc priests
  9 jellies
  20 orc wizards
  3 bullfrog skeletons
  A gnoll shaman (D:7)
  2 iguanas (D:5)
  9 worker ants
  A hound zombie (D:9)
  2 hound skeletons (D:7)
  8 gnolls
  15 adders
  4 shadow imps
  8 white imps
  6 ufetubi (IceCv)
  11 oozes
  3 worms
  2 dart slugs
  8 leopard geckos
  63 orcs
  5 giant cockroaches
  5 goblins
  8 hobgoblins
  14 jackals
  A quokka (D:3)
  10 bats
  7 frilled lizards
  28 kobolds
  A leopard gecko skeleton (D:4)
  A quokka skeleton (D:10)
  6 rats
  A fungus (Lair:6)
1053 creatures vanquished.

Vanquished Creatures (collateral kills)
  An orc (Orc:1)
1 creature vanquished.

Vanquished Creatures (others)
  A blizzard demon (Gauntlet)
  A two-headed ogre (Depths:1)
  An alligator (Swamp:2)
  A deep elf knight (Depths:2)
  A toenail golem (Volcano)
  A rime drake (Lair:6)
  A red devil (Depths:3)
  4 insubstantial wisps (Swamp:3)
  An acid dragon (D:15)
  An ice beast (D:14)
  An orc wizard (Orc:2)
  3 white imps
  2 ufetubi (IceCv)
  An orc (D:13)
  4 fungi
  20 plants
  4 starspawn tentacles (Abyss:2)
48 creatures vanquished.

Grand Total: 1102 creatures vanquished

Notes
Turn   | Place    | Note
-------+----------+-------------------------------------------
     0 | D:1      | Lanoc the Minotaur Chaos Knight began the quest for the
                  | Orb.
     0 | D:1      | Reached XP level 1. HP: 19/19 MP: 0/0
    46 | D:1      | Reached skill level 4 in Long Blades
    46 | D:1      | Reached XP level 2. HP: 26/27 MP: 1/1
   308 | D:1      | XOM: stat loss: -1 Dex (8/9)
   453 | D:1      | Reached XP level 3. HP: 33/33 MP: 2/2
   514 | D:1      | XOM: fog
   760 | D:2      | Found a shimmering altar of Xom.
   761 | D:2      | Found a shimmering altar of Xom.
   762 | D:2      | Found a shimmering altar of Xom.
   762 | D:2      | Found a shimmering altar of Xom.
  1004 | D:2      | Reached XP level 4. HP: 39/40 MP: 1/3
  1046 | D:2      | Found a shimmering altar of Xom.
  1364 | D:2      | XOM: god gift: scroll labeled UJOIBO JIWUM {god gift}
  1559 | D:2      | XOM: give mutation
  1559 | D:2      | Gained mutation: You have a pair of large horns on your
                  | head. [Xom's grace]
  1581 | D:2      | Noticed Sigmund
  1590 | D:2      | Killed Sigmund
  1590 | D:2      | Reached skill level 5 in Long Blades
  1590 | D:2      | Reached XP level 5. HP: 21/47 MP: 1/4
  1699 | D:3      | XOM: polymorph goblin -> bat
  1721 | D:3      | XOM: god gift: blue potion {god gift}
  1734 | D:3      | Reached XP level 6. HP: 36/55 MP: 3/5
  1742 | D:3      | Reached skill level 5 in Fighting
  1742 | D:3      | Reached skill level 6 in Long Blades
  1759 | D:3      | XOM: god gift: book of Conjurations
  1921 | D:3      | XOM: give mutations
  1921 | D:3      | Gained mutation: You possess an exceptional clarity of
                  | mind. [Xom's grace]
  1921 | D:3      | Gained mutation: Your muscles are strong. (Str +2) [Xom's
                  | grace]
  1921 | D:3      | Gained mutation: You are partially covered in rugged brown
                  | scales. (AC +1, +3% HP) [Xom's grace]
  1940 | D:3      | Found a faded altar of an unknown god.
  1942 | D:3      | Fell from the grace of Xom
  1942 | D:3      | Became a worshipper of Qazlal Stormbringer
  1942 | D:3      | Reached * piety under Qazlal
  2133 | D:3      | Found a stormy altar of Qazlal.
  2352 | D:3      | Found a hazy altar of Hepliaklqana.
  2391 | D:3      | XOM: give mutations
  2391 | D:3      | Lost mutation: You possess an exceptional clarity of mind.
                  | [Xom's mischief]
  2391 | D:3      | Gained mutation: You are clumsy. (Dex -2) [Xom's mischief]
  2391 | D:3      | Gained mutation: You have supernaturally acute eyesight.
                  | (SInv) [Xom's mischief]
  2689 | D:4      | Reached ** piety under Qazlal
  2689 | D:4      | Reached skill level 1 in Invocations
  2693 | D:4      | Reached XP level 7. HP: 59/62 MP: 4/6
  2699 | D:4      | Found a staircase to the Ecumenical Temple.
  2719 | Temple   | Entered the Ecumenical Temple
  2865 | D:4      | XOM: give mutation
  2865 | D:4      | Gained mutation: Your mind is acute. (Int +2) [Xom's
                  | mischief]
  2952 | D:4      | Found a deep blue altar of Sif Muna.
  3337 | D:5      | Entered Level 5 of the Dungeon
  3443 | D:5      | XOM: 2-stop teleportation journey
  3462 | D:5      | Reached skill level 7 in Long Blades
  3526 | D:5      | Reached skill level 5 in Armour
  3658 | D:5      | Reached XP level 8. HP: 54/72 MP: 8/8
  3669 | D:5      | Found a shadowy altar of Dithmenos.
  3810 | D:5      | Noticed a shapeshifter
  3810 | D:5      | a quokka changed into a shapeshifter
  3810 | D:5      | XOM: polymorph quokka -> shapeshifter
  3811 | D:5      | Noticed a hornet
  3811 | D:5      | a shapeshifter changed into a hornet
  3821 | D:5      | Killed a hornet
  3821 | D:5      | Reached skill level 8 in Long Blades
  4111 | D:5      | Noticed Edmund
  4123 | D:5      | Noticed Edmund
  4123 | D:5      | Edmund changed into Edmund the iguana
  4126 | D:5      | Killed Edmund the iguana
  4198 | D:5      | XOM: give mutation
  4198 | D:5      | Gained mutation: You expend magic power (3 MP) to
                  | strengthen your wands. [Xom's mischief]
  4375 | D:6      | Found Zokhle Ehusa's Weapon Shop.
  4408 | D:6      | Found Hausiz's Jewellery Shoppe.
  4472 | D:6      | Found a shadowy altar of Dithmenos.
  4647 | D:6      | Found a sacrificial altar of Ru.
  4859 | D:6      | Reached skill level 5 in Dodging
  4922 | D:7      | Reached skill level 9 in Long Blades
  5024 | D:7      | XOM: 4-stop teleportation journey
  5040 | D:7      | Reached *** piety under Qazlal
  5040 | D:7      | Reached XP level 9. HP: 51/80 MP: 10/10
  5449 | D:7      | XOM: mild Tmut miscast
  5528 | D:7      | Reached skill level 10 in Long Blades
  5661 | D:7      | Noticed a two-headed ogre
  5670 | D:7      | Killed a two-headed ogre
  5670 | D:7      | Reached skill level 5 in Invocations
  5684 | D:7      | Reached **** piety under Qazlal
  5699 | D:7      | Identified the Collected Works on Congealing Augmentations
  5725 | D:7      | Reached XP level 10. HP: 74/90 MP: 12/12
  5727 | D:7      | Identified the ring "Lolaquhy" {Fire +Fly rElec Dex-2 SInv}
  5757 | D:7      | XOM: harmless Ice miscast
  6326 | D:8      | Paralysed by a hornet for 1 turns
  6645 | D:8      | Reached skill level 11 in Long Blades
  6697 | D:8      | XOM: harmless Hex miscast
  6740 | D:8      | Found a blossoming altar of Fedhas.
  6938 | D:8      | Got an ichor-stained leather armour
  7144 | D:8      | XOM: harmless Air miscast
  7206 | D:8      | Identified the +2 leather armour "Iqouvam" {rPois} (You
                  | found it on level 8 of the Dungeon)
  7276 | D:8      | XOM: silly message
  7453 | D:8      | Reached skill level 1 in Evocations
  7526 | D:8      | XOM: noise
  7976 | D:9      | XOM: medium Ice miscast
  8172 | D:9      | XOM: medium Tmut miscast
  8270 | D:10     | Entered Level 10 of the Dungeon
  8313 | D:10     | XOM: noise
  8480 | D:10     | Found a staircase to the Orcish Mines.
  8899 | D:10     | Found a shimmering altar of Xom.
  8949 | D:11     | Noticed a five-headed hydra
  8951 | D:11     | Noticed a manticore
  8968 | D:10     | Killed a manticore
  8968 | D:10     | Reached skill level 12 in Long Blades
  8968 | D:10     | Reached XP level 11. HP: 55/99 MP: 7/14
  9092 | Orc:1    | Entered Level 1 of the Orcish Mines
  9092 | Orc:1    | Noticed Sonja
  9463 | D:10     | XOM: god gift: 35 gold pieces
  9559 | Orc:1    | Noticed an orc knight
  9821 | D:10     | Reached ***** piety under Qazlal
  9833 | D:10     | Killed Sonja
  9866 | D:10     | Killed an orc knight
 10561 | Orc:1    | Found a roughly hewn altar of Beogh.
 10592 | Orc:1    | Found Kokee's Magic Scroll Boutique.
 10600 | Orc:1    | Bought a scroll of enchant weapon for 105 gold pieces
 10600 | Orc:1    | Bought a scroll of fog for 28 gold pieces
 10600 | Orc:1    | Bought a scroll of identify for 28 gold pieces
 10609 | Orc:1    | Found Ycruachi's Armour Emporium.
 10610 | Orc:1    | Found Rungiutwo's Armour Emporium.
 10643 | Orc:1    | XOM: medium Necr miscast
 10654 | Orc:1    | Found Soeleap's Jewellery Emporium.
 10679 | Orc:1    | XOM: medium Ice miscast
 10743 | Orc:1    | XOM: divination: detect creatures
 10846 | Orc:2    | Entered Level 2 of the Orcish Mines
 10848 | Orc:2    | Noticed an orc sorcerer
 10857 | Orc:2    | Found a staircase to the Elven Halls.
 10881 | Orc:2    | Noticed a deep troll
 10881 | Orc:2    | Noticed a two-headed ogre
 10882 | Orc:2    | Noticed a two-headed ogre
 10883 | Orc:2    | Noticed a two-headed ogre
 10918 | Orc:2    | Found a dark tunnel.
 10923 | Volcano  | Entered a volcano
 10927 | Volcano  | Noticed a wizard
 10943 | Volcano  | Noticed a wizard
 10950 | Volcano  | Killed a wizard
 10959 | Volcano  | Killed a wizard
 10970 | Volcano  | Noticed a wizard
 10976 | Volcano  | Killed a wizard
 11061 | Volcano  | Noticed a wizard
 11069 | Volcano  | Killed a wizard
 11069 | Volcano  | Reached skill level 13 in Long Blades
 11093 | Volcano  | Noticed a wizard
 11102 | Volcano  | Killed a wizard
 11102 | Volcano  | Reached skill level 10 in Fighting
 11151 | Volcano  | Noticed a +0 mace of flaming
 11167 | Volcano  | Killed a +0 mace of flaming
 11269 | Volcano  | XOM: mild Erth miscast
 11463 | Orc:2    | Killed a two-headed ogre
 11463 | Orc:2    | Reached XP level 12. HP: 102/109 MP: 14/16
 11475 | Orc:2    | Killed a two-headed ogre
 11483 | Orc:2    | Reached skill level 10 in Armour
 11514 | Orc:2    | Noticed an ogre mage
 11816 | Orc:1    | Killed an ogre mage
 12063 | Orc:2    | Noticed a two-headed ogre
 12144 | Orc:2    | Killed a two-headed ogre
 12166 | Orc:2    | Noticed a two-headed ogre
 12185 | Orc:2    | Killed a two-headed ogre
 12185 | Orc:2    | Reached skill level 14 in Long Blades
 12313 | Orc:2    | Reached skill level 5 in Evocations
 12595 | Orc:2    | Noticed a two-headed ogre
 12609 | Orc:1    | Killed a two-headed ogre
 12690 | Orc:1    | Killed a two-headed ogre
 12827 | Orc:2    | Noticed a two-headed ogre
 12834 | Orc:2    | Noticed an ogre mage
 12851 | Orc:1    | Killed a two-headed ogre
 12908 | Orc:1    | XOM: cloud trail
 13129 | Orc:1    | XOM: noise
 13288 | Orc:2    | an ogre mage changed into a swamp worm
 13297 | Orc:2    | Paralysed by an orc sorcerer for 5 turns
 13306 | Orc:2    | Reached XP level 13. HP: 99/119 MP: 15/18
 13391 | Orc:2    | XOM: mild Conj miscast
 13391 | Orc:2    | Was forgiven by Xom
 13535 | Orc:2    | Found Gadog's Gadget Shop.
 13537 | Orc:2    | Found Geirr's Gadget Boutique.
 13541 | Orc:2    | Found Dos Qoc's Weapon Emporium.
 13550 | Orc:2    | Found Wiyfaf's Assorted Antiques.
 13559 | Orc:2    | Bought an ancient troll leather armour for 600 gold pieces
 13559 | Orc:2    | Bought a scroll labeled UREYRA ITASCH for 30 gold pieces
 13559 | Orc:2    | Bought a smoky inky potion for 27 gold pieces
 13569 | Orc:2    | Identified the +7 troll leather armour of Ucuirph Berr
                  | {Regen+ Int+3} (You bought it in a shop on level 2 of the
                  | Orcish Mines)
 14023 | D:11     | Reached skill level 10 in Dodging
 14133 | D:11     | Found a staircase to the Lair.
 14483 | D:12     | Reached skill level 15 in Long Blades
 14621 | D:12     | Reached ****** piety under Qazlal
 14800 | D:12     | Found a portal to a secret trove of treasure.
 15167 | D:13     | Noticed a fire dragon
 15167 | D:13     | a slime creature changed into a fire dragon
 15374 | D:13     | Noticed Azrael
 15473 | D:13     | Noticed Azrael
 15473 | D:13     | Azrael changed into Azrael the demonic crawler
 15484 | D:13     | Killed Azrael the demonic crawler
 15599 | D:13     | Killed a fire dragon
 16303 | D:14     | Reached XP level 14. HP: 129/129 MP: 20/20
 16509 | D:14     | Found a shattered altar of Ashenzari.
 16529 | D:14     | Found a transporter.
 16533 | D:14     | Found a transporter.
 16535 | D:14     | Noticed Jiolyugh's ghost (journeyman GrEE)
 16665 | D:14     | Reached skill level 16 in Long Blades
 16836 | D:14     | You fall through a shaft!
 16836 | D:15     | Entered Level 15 of the Dungeon
 16873 | D:15     | Found a sparkling altar of Nemelex Xobeh.
 16883 | D:15     | Found a gate leading to a gauntlet.
 16916 | Gauntlet | Entered a Gauntlet
 16916 | Gauntlet | Found a large runed translucent door.
 16916 | Gauntlet | Found a large runed translucent door.
 16916 | Gauntlet | Found a large runed translucent door.
 16916 | Gauntlet | Found a large runed translucent door.
 16916 | Gauntlet | Found a runed translucent door.
 16916 | Gauntlet | Found a large runed translucent door.
 16916 | Gauntlet | Found a large runed translucent door.
 16916 | Gauntlet | Found a transporter.
 16916 | Gauntlet | Found a transporter.
 16916 | Gauntlet | Found a large runed translucent door.
 16916 | Gauntlet | Found a large runed translucent door.
 16916 | Gauntlet | Found a runed translucent gate.
 16916 | Gauntlet | Found a runed translucent gate.
 16916 | Gauntlet | Found a transporter.
 16917 | Gauntlet | Found a transporter.
 16920 | Gauntlet | Found a transporter.
 16930 | Gauntlet | Found a transporter.
 16989 | Gauntlet | Found a runed translucent door.
 16990 | Gauntlet | Found a large runed translucent door.
 16990 | Gauntlet | Found a large runed translucent door.
 16990 | Gauntlet | Found a large runed translucent door.
 16990 | Gauntlet | Found a large runed translucent door.
 16991 | Gauntlet | Found a large runed translucent door.
 16991 | Gauntlet | Found a large runed translucent door.
 16992 | Gauntlet | Found a large runed translucent door.
 16992 | Gauntlet | Found a large runed translucent door.
 16996 | Gauntlet | Found a transporter.
 17006 | Gauntlet | Found a transporter.
 17021 | Gauntlet | Found a transporter.
 17031 | Gauntlet | Found a transporter.
 17046 | Gauntlet | Found a transporter.
 17052 | Gauntlet | Found a transporter.
 17075 | Gauntlet | Found a runed translucent gate.
 17477 | Gauntlet | Identified the Handbook of Boosting Summoning
 17478 | Gauntlet | Got a vibrating glass ring
 17482 | Gauntlet | Identified the ring "Liuczo" {MP+9 Str+3} (You found it in
                  | a Gauntlet)
 17557 | D:15     | Noticed Agnes
 18182 | D:14     | Found a gate to the Vaults.
 18287 | D:15     | Found Yttitama's Weapon Boutique.
 18374 | D:15     | Identified a scroll of acquirement
 18399 | D:14     | Got a transparent eveningstar
 18400 | D:14     | Identified the +0 eveningstar of Mairuedgh {drain, MR-
                  | Int+4 Dex+7} (You acquired it on level 14 of the Dungeon)
 18488 | Lair:1   | Entered Level 1 of the Lair of Beasts
 18583 | Lair:1   | Reached skill level 10 in Invocations
 18589 | Lair:1   | Noticed Joseph
 18652 | Lair:1   | Killed Joseph
 21021 | Lair:4   | Got a transparent long sword
 21022 | Lair:4   | Identified the cursed +2 long sword of a Billion People
                  | {flame, rC+} (You found it on level 4 of the Lair of
                  | Beasts)
 21278 | Lair:4   | Got a glittering marble ring
 21306 | Lair:4   | Identified the ring of Atene {rF+ rN+} (You found it on
                  | level 4 of the Lair of Beasts)
 21444 | Lair:4   | Found a staircase to the Swamp.
 21760 | Lair:4   | Found a hole to the Spider Nest.
 21866 | Lair:5   | Reached skill level 17 in Long Blades
 21953 | Lair:4   | Reached XP level 15. HP: 125/138 MP: 18/21
 22039 | Lair:5   | Noticed Urug
 22051 | Lair:5   | Killed Urug
 22693 | Lair:6   | Entered Level 6 of the Lair of Beasts
 23418 | Lair:6   | Got a faintly glowing tin amulet
 23503 | Lair:6   | Identified the amulet "Ugiuk" {RegenMP Slay+3} (You found
                  | it on level 6 of the Lair of Beasts)
 23709 | Lair:6   | Found a staircase to the Slime Pits.
 24247 | D:15     | Found a staircase to the Depths.
 24296 | D:15     | Killed Agnes
 24603 | D:15     | Reached skill level 18 in Long Blades
 24649 | D:15     | Found Veisum's Antique Armour Emporium.
 24667 | D:15     | Found Puta's Distillery.
 24683 | D:15     | Bought a potion of heal wounds for 95 gold pieces
 24683 | D:15     | Bought a potion of heal wounds for 95 gold pieces
 24683 | D:15     | Bought a potion of invisibility for 152 gold pieces
 24815 | D:15     | Found Heluczu's General Store.
 24873 | D:15     | Found Hos Mugg's Distillery.
 24876 | D:15     | Bought a potion of heal wounds for 85 gold pieces
 24876 | D:15     | Bought a potion of heal wounds for 85 gold pieces
 24876 | D:15     | Bought a potion of heal wounds for 85 gold pieces
 24876 | D:15     | Bought a potion of curing for 51 gold pieces
 24876 | D:15     | Bought a potion of curing for 51 gold pieces
 24876 | D:15     | Bought a potion of might for 68 gold pieces
 24876 | D:15     | Bought a potion of might for 68 gold pieces
 24876 | D:15     | Bought a potion of mutation for 136 gold pieces
 24876 | D:15     | Bought a potion of haste for 170 gold pieces
 25093 | Depths:1 | Entered Level 1 of the Depths
 25225 | Depths:1 | Noticed a fire giant
 25700 | D:15     | Reached XP level 16. HP: 132/149 MP: 23/23
 26239 | Depths:1 | Found a one-way gate leading to the halls of Pandemonium.
 26557 | Depths:1 | Found a gateway to Hell.
 26561 | Depths:1 | Cast into level 2 of the Abyss (a deep elf demonologist)
 26595 | Abyss:2  | Noticed a tentacled starspawn
 26616 | Abyss:2  | Killed a tentacled starspawn
 26747 | Depths:1 | Escaped the Abyss
 27774 | Depths:2 | Reached skill level 19 in Long Blades
 27783 | Depths:2 | Noticed Nikola
 27814 | Depths:1 | Killed Nikola
 28758 | Depths:2 | Identified the +5 faerie dragon scales {rCorr Str+4}
 28758 | Depths:2 | Noticed the Enchantress
 28762 | Depths:2 | Reached XP level 17. HP: 90/158 MP: 18/24
 28769 | Depths:2 | Killed the Enchantress
 28769 | Depths:2 | Reached skill level 10 in Evocations
 28950 | Depths:2 | Identified the cursed +0 robe of Responsibility {+Fly MR-
                  | rCorr}
 28954 | Depths:2 | Identified the cursed +3 giant club of Oroh {crush, Dex+3}
 28954 | Depths:2 | Identified the cursed +1 giant club of Ascent {antimagic,
                  | rElec rPois rC+++ Dex-4}
 30391 | Depths:2 | Identified the cursed +1 shortbow "Faazavun" {flame, +Inv
                  | Int+5}
 30417 | Depths:2 | Found a one-way gate to the infinite horrors of the Abyss.
 30979 | Depths:2 | Reached skill level 15 in Fighting
 31053 | Depths:2 | Found a bloodstained altar of Trog.
 31763 | Depths:2 | Paralysed by a hornet for 1 turns
 31765 | Depths:2 | Reached skill level 20 in Long Blades
 31962 | Depths:3 | Noticed a caustic shrike
 32181 | Orc:1    | Bought an uncursed ring of poison resistance for 300 gold
                  | pieces
 32181 | Orc:1    | Bought the ring of Creativity {rCorr MR+ Int-3 SInv} for
                  | 457 gold pieces
 32367 | Swamp:1  | Entered Level 1 of the Swamp
 32375 | Swamp:1  | Found a frozen archway.
 32404 | Swamp:1  | Reached skill level 15 in Armour
 32416 | IceCv    | Entered an ice cave
 32595 | IceCv    | Identified Bupyfuli's Incunabulum of the Bewitching
                  | Volcanoes
 33504 | Swamp:2  | Reached XP level 18. HP: 155/167 MP: 26/26
 35035 | Swamp:4  | Entered Level 4 of the Swamp
 35137 | Swamp:4  | Noticed a tentacled monstrosity
 35303 | Swamp:3  | HP: 7/170 [seven-headed hydra (12)]
 35303 | Swamp:3  | Slain by a seven-headed hydra

Skill      XL: |  1  2  3  4  5  6  7  8  9 10 11 12 13 14 15 16 17 18 |
---------------+-------------------------------------------------------+-----
Long Blades    | 4 5 6 7 9 10 12 13 14 15 17 18 19 20 | 20.0
Fighting       | 4 5 6 8 9 10 11 12 13 14 15 | 15.8
Armour         | 3 4 5 6 7 8 9 10 11 12 13 14 15 | 15.6
Dodging        | 2 3 4 5 6 7 8 9 10 11 12 13 14 | 14.4
Invocations    | 1 2 3 5 6 7 8 9 10 11 12 13 | 13.0
Evocations     | 2 4 5 6 8 9 10 11 | 11.1

Action                   |  1- 3 |  4- 6 |  7- 9 | 10-12 | 13-15 | 16-18 || total
-------------------------+-------+-------+-------+-------+-------+-------++-------
Melee: Falchion          |    68 |   106 |   275 |   614 |   866 |       ||  1929
       Headbutt          |     7 |    16 |    58 |   175 |   459 |   224 ||   939
       Scimitar          |       |       |       |       |   151 |       ||   151
       Long sword        |       |       |       |       |   490 |    30 ||   520
       Great sword       |       |       |       |       |       |   934 ||   934
Evoke: Wand              |       |       |       |     8 |     6 |    29 ||    43
       Box of beasts     |       |       |       |     1 |     1 |       ||     2
  Use: Potion            |       |     2 |     9 |     5 |     8 |    12 ||    36
       Scroll            |       |       |       |    15 |    16 |    11 ||    42
 Stab: Paralysed         |     1 |       |     4 |     9 |     4 |       ||    18
       Petrifying        |       |       |       |     2 |     2 |       ||     4
       Confused          |       |       |       |       |     3 |       ||     3
  Eat: Chunk             |       |     6 |     6 |    21 |    31 |    25 ||    89
       Ration            |       |       |     1 |     1 |     3 |     2 ||     7
Armor: Leather armour    |    21 |    36 |    52 |    78 |       |       ||   187
       Skin              |       |       |    72 |       |       |       ||    72
       Plate armour      |       |       |       |   100 |     1 |       ||   101
       Troll leather arm |       |       |       |       |   374 |   297 ||   671
Dodge: Dodged            |    48 |    59 |   117 |   334 |   911 |   624 ||  2093
       Deflected         |       |       |       |    21 |    43 |    27 ||    91
Block: Other             |       |     3 |    36 |   147 |   458 |   374 ||  1018
       Rpst.: Falchion   |    10 |    16 |    35 |    63 |    90 |       ||   214
       Scimitar          |       |       |       |       |    31 |       ||    31
       Long sword        |       |       |       |       |    76 |     6 ||    82
       Great sword       |       |       |       |       |       |   125 ||   125
